[Event "December 19 Early 2023"]
[Site "https://www.chess.com"]
[Date "2023.12.19"]
[Round "1"]
[White "De Boer, Eelke"]
[Black "Jankowiak, Tomasz"]
[Result "0-1"]
[Board "201"]
[TimeControl "180+1"]
[WhiteFideId "1048120"]
[BlackFideId "1185357"]
[WhiteElo "2587"]
[BlackElo "2056"]
[WhiteTeam "NED"]
[BlackTeam "POL"]
[WhiteClock "0:00:00"]
[BlackClock "0:00:01"]

1. e4 c5 2. Nf3 Nf6 3. e5 Nd5 4. Nc3 e6 5. Nxd5 exd5 6. d4 Nc6 7. dxc5 Bxc5 8. Qxd5 Qb6 9. Bc4 Bxf2+ 10. Kf1 O-O 11. Bf4 d6 12. exd6 Be6 13. Qd3 Nb4 14. Qe2 Bxc4 15. Qxc4 Rac8 16. Qb3 Rxc2 17. Nd2 Bd4 18. d7 Qa6+ 19. Ke1 Nd3+ 20. Kd1 Rxb2 21. Qd5 Nf2+ 22. Ke1 Nd3+ 23. Kd1 Nxf4 24. Qxd4 Ne6 25. Qxb2 Qa4+ 26. Qb3 Qxd7 27. Rc1 Rd8 28. Rc2 Nd4 29. Qd3 Qg4+ 0-1

[Event "December 19 Early 2023"]
[Site "https://www.chess.com"]
[Date "2023.12.19"]
[Round "1"]
[White "Franchini, Gabriele"]
[Black "Spata, German"]
[Result "0-1"]
[Board "202"]
[TimeControl "180+1"]
[WhiteFideId "806790"]
[BlackFideId "113026"]
[WhiteElo "2215"]
[BlackElo "2260"]
[WhiteTeam "ITA"]
[BlackTeam "ARG"]
[WhiteClock "0:00:00"]
[BlackClock "0:00:10"]

1. e4 c5 2. Nc3 a6 3. g3 b5 4. Bg2 Bb7 5. d3 e6 6. Nge2 Nf6 7. O-O b4 8. Nb1 d5 9. e5 Nfd7 10. f4 Be7 11. Be3 O-O 12. c3 a5 13. d4 bxc3 14. bxc3 Nc6 15. f5 Ba6 16. Rf2 cxd4 17. cxd4 Nb6 18. f6 gxf6 19. Bh6 f5 20. Nf4 Bg5 21. Bxf8 Qxf8 22. Qh5 Qg7 23. Qd1 Rc8 24. Na3 Nc4 25. Nxc4 Bxc4 26. a3 Kh8 27. Rb1 Be7 28. Kh1 Bxa3 29. Rb7 Nd8 30. Nh5 Qg6 31. Rd7 Bb5 32. Rc2 Bxd7 33. Rxc8 Bxc8 34. Nf6 Qg5 35. Bf3 Qc1 36. Ne8 Qxd1+ 37. Bxd1 Nc6 38. Nd6 Bd7 39. Ba4 Bxd6 40. exd6 Kg7 41. Kg2 f6 42. Kf3 e5 43. Ke3 Kf7 44. Kd3 Ke6 0-1

[Event "December 19 Early 2023"]
[Site "https://www.chess.com"]
[Date "2023.12.19"]
[Round "1"]
[White "Bettalli, Francesco"]
[Black "Zainullina, Nataliya"]
[Result "1-0"]
[Board "203"]
[TimeControl "180+1"]
[WhiteFideId "2816453"]
[BlackFideId "4145488"]
[WhiteElo "2226"]
[BlackElo "2222"]
[WhiteTeam "ITA"]
[BlackTeam "RUS"]
[WhiteClock "0:02:25"]
[BlackClock "0:02:20"]

1. d4 Nf6 2. c4 e6 3. Nf3 b6 4. Nbd2 Bb7 5. e3 Be7 6. Bd3 d5 7. O-O O-O 8. b3 Nbd7 9. Bb2 c5 10. Ne5 cxd4 11. exd4 dxc4 12. bxc4 Nxe5 13. dxe5 Nd7 14. Qe2 Nc5 15. Bc2 Rc8 16. Rad1 Qc7 17. Nf3 Bc6 18. h4 Na4 19. Ba1 Bb7 20. Bxa4 Qxc4 21. Qxc4 Rxc4 22. Bb3 Rc7 23. Nd4 Bc5 24. Nb5 1-0

[Event "December 19 Early 2023"]
[Site "https://www.chess.com"]
[Date "2023.12.19"]
[Round "1"]
[White "Andreev, Konstantin"]
[Black "Bach, Matthias"]
[Result "1-0"]
[Board "205"]
[TimeControl "180+1"]
[WhiteFideId "24239305"]
[BlackFideId "4603168"]
[WhiteElo "2093"]
[BlackElo "2130"]
[WhiteTeam "ITA"]
[BlackTeam "GER"]
[WhiteClock "0:00:28"]
[BlackClock "0:00:00"]

1. e4 e5 2. Nf3 Nc6 3. Bc4 Nf6 4. d4 exd4 5. e5 d5 6. Bb5 Ne4 7. Nxd4 Bc5 8. O-O Bd7 9. Bxc6 bxc6 10. Be3 Qe7 11. f3 Ng5 12. f4 Ne4 13. Nd2 Nxd2 14. Qxd2 Bb6 15. Kh1 c5 16. Nf3 d4 17. Bf2 Bc6 18. Bh4 Qd7 19. Rae1 O-O 20. b3 Rae8 21. a4 a5 22. Qd3 f6 23. exf6 gxf6 24. Nd2 Qg4 25. Bg3 h5 26. Nf3 Rxe1 27. Bxe1 Re8 28. Bd2 h4 29. h3 Qg3 30. Be1 Qxf4 31. Bxh4 Qe4 32. Qd1 Qe2 33. Qc1 Re3 34. Re1 Qa6 35. Rxe3 dxe3 36. Qxe3 Qf1+ 37. Kh2 Bd7 38. Bxf6 Kf7 39. Bh4 1-0

[Event "December 19 Early 2023"]
[Site "https://www.chess.com"]
[Date "2023.12.19"]
[Round "1"]
[White "Palmer, Reegan"]
[Black "Belov, Alexei"]
[Result "0-1"]
[Board "206"]
[TimeControl "180+1"]
[WhiteFideId "14322145"]
[BlackFideId "4128206"]
[WhiteElo "1814"]
[BlackElo "2578"]
[WhiteTeam "RSA"]
[BlackTeam "RUS"]
[WhiteClock "0:00:00"]
[BlackClock "0:00:14"]

1. e4 e6 2. Qe2 c5 3. Nf3 Nc6 4. g3 d6 5. Bg2 g6 6. d3 Bg7 7. c3 Nge7 8. O-O O-O 9. Nbd2 b5 10. a4 b4 11. cxb4 Nxb4 12. Nc4 d5 13. exd5 exd5 14. Ne3 Ba6 15. Ne1 Re8 16. Bd2 Rb8 17. Rb1 Nf5 18. Bxb4 Rxb4 19. Qd2 Nxe3 20. fxe3 Qg5 21. Nc2 Rb3 22. Qf2 Re7 23. h4 Qe5 24. d4 Qb8 25. Bxd5 Rd3 26. Bxf7+ Kh8 27. Bd5 cxd4 28. exd4 Rxg3+ 29. Bg2 Bb7 30. Ne1 Rxe1 31. Rbxe1 Rxg2+ 32. Qxg2 Bxd4+ 33. Kh1 Bxg2+ 34. Kxg2 Qxb2+ 35. Kf3 Bf6 36. Kg3 Kg7 37. Rd1 Qc3+ 38. Rf3 Qc7+ 39. Kh3 h5 40. Rdf1 Qe5 41. Kg2 Qe4 42. Kf2 Bxh4+ 43. Kg2 Qg4+ 44. Kh1 Bg3 45. Kg2 h4 46. Rf7+ Kh6 47. R1f3 Be5+ 48. Kf1 h3 0-1

[Event "December 19 Early 2023"]
[Site "https://www.chess.com"]
[Date "2023.12.19"]
[Round "1"]
[White "Parpiev, Isaak"]
[Black "Arshiya Das"]
[Result "1-0"]
[Board "207"]
[TimeControl "180+1"]
[WhiteFideId "34281576"]
[BlackFideId "25652150"]
[WhiteElo "2183"]
[BlackElo "1481"]
[WhiteTeam "RUS"]
[BlackTeam "IND"]
[WhiteClock "0:02:19"]
[BlackClock "0:01:29"]

1. e4 c5 2. Nf3 d6 3. d4 cxd4 4. Nxd4 Nf6 5. Nc3 a6 6. f4 e5 7. Nb3 Nbd7 8. g4 h6 9. g5 hxg5 10. fxg5 Nh7 11. h4 g6 12. Qf3 Bg7 13. Be3 O-O 14. O-O-O Qe7 15. Nd5 Qd8 16. h5 Nxg5 17. Qg2 f6 18. Bc4 gxh5 19. Nxf6+ Kh8 20. Rxh5+ Nh7 21. Rxh7# 1-0

[Event "December 19 Early 2023"]
[Site "https://www.chess.com"]
[Date "2023.12.19"]
[Round "1"]
[White "Kuchava, Ana"]
[Black "Tao, Sihan"]
[Result "0-1"]
[Board "208"]
[TimeControl "180+1"]
[WhiteFideId "13605348"]
[BlackFideId "30982677"]
[WhiteElo "1950"]
[BlackElo "1943"]
[WhiteTeam "GEO"]
[BlackTeam "USA"]
[WhiteClock "0:00:36"]
[BlackClock "0:00:38"]

1. d4 Nf6 2. Nf3 d5 3. c4 e6 4. Nc3 Bb4 5. Qa4+ Nc6 6. e3 O-O 7. Bd3 dxc4 8. Bxc4 Bd7 9. Qc2 Bd6 10. O-O a6 11. e4 e5 12. d5 Ne7 13. Bg5 Ng6 14. Rac1 h6 15. Bd2 Qe7 16. a3 Bg4 17. Be2 Nf4 18. Bxf4 exf4 19. Nd4 Bxe2 20. Qxe2 Rfe8 21. Nf5 Qe5 22. Nxd6 Qxd6 23. f3 Nxd5 24. Nxd5 Qxd5 25. Rxc7 Qd4+ 26. Qf2 Qxf2+ 27. Rxf2 Rac8 28. Rfc2 Rxc7 29. Rxc7 b5 30. Kf2 Re6 31. Ke2 Rd6 32. b3 g6 33. a4 bxa4 34. bxa4 Kg7 35. a5 Kf6 36. Rb7 Ke6 37. Rb6 Rxb6 38. axb6 Kd6 39. g3 g5 40. gxf4 gxf4 41. Kd3 Kc6 42. e5 a5 43. Ke4 Kxb6 44. Kxf4 a4 45. Kf5 a3 46. Kf6 a2 47. Kxf7 a1=Q 48. e6 Qe5 49. e7 Qf5+ 50. Kg7 Qe6 51. Kf8 Qf6+ 52. Ke8 Kc6 53. f4 Kd6 0-1

[Event "December 19 Early 2023"]
[Site "https://www.chess.com"]
[Date "2023.12.19"]
[Round "1"]
[White "Rodriguez Fontecha, Marcos"]
[Black "Chemin, Justo Reinaldo"]
[Result "1-0"]
[Board "209"]
[TimeControl "180+1"]
[WhiteFideId "2256576"]
[BlackFideId "2101580"]
[WhiteElo "2249"]
[BlackElo "1940"]
[WhiteTeam "ESP"]
[BlackTeam "BRA"]
[WhiteClock "0:00:52"]
[BlackClock "0:00:00"]

1. d4 d5 2. Bf4 c5 3. e4 dxe4 4. d5 e6 5. Nc3 Nf6 6. Bb5+ Bd7 7. dxe6 fxe6 8. Bc4 Nc6 9. Nge2 e5 10. Be3 Nd4 11. Ng3 b5 12. Be2 Bc6 13. Bxd4 exd4 14. Nb1 Qa5+ 15. Qd2 Qxd2+ 16. Nxd2 O-O-O 17. a4 a6 18. axb5 axb5 19. Ra5 c4 20. O-O Bb4 21. Ra6 Kb7 22. Rxc6 Kxc6 23. Ndxe4 Nxe4 24. Nxe4 Rhe8 25. Bf3 Kb6 26. Ng5 h6 27. Ne4 Ra8 28. c3 dxc3 29. bxc3 Bf8 30. h4 Ra3 31. Rc1 g5 32. hxg5 hxg5 33. Nxg5 Bg7 34. Ne4 Rxe4 35. Bxe4 Rxc3 36. Rxc3 Bxc3 37. Kf1 Kc5 38. Ke2 Kd4 39. Bc6 b4 40. Kd1 Kc5 41. Be4 b3 42. Kc1 Bd4 43. f3 Kb4 44. g4 c3 45. Kb1 Ka3 46. f4 1-0

[Event "December 19 Early 2023"]
[Site "https://www.chess.com"]
[Date "2023.12.19"]
[Round "1"]
[White "Essing, Arnold"]
[Black "Truskavetsky, Alexandr"]
[Result "0-1"]
[Board "210"]
[TimeControl "180+1"]
[WhiteFideId "4619862"]
[BlackFideId "14108577"]
[WhiteElo "2257"]
[BlackElo "2210"]
[WhiteTeam "GER"]
[BlackTeam "RUS"]
[WhiteClock "0:00:00"]
[BlackClock "0:01:26"]

1. d4 Nf6 2. Nf3 e6 3. c4 Bb4+ 4. Bd2 c5 5. Bxb4 cxb4 6. g4 Nxg4 7. Rg1 Nf6 8. Rxg7 Nc6 9. e3 d6 10. Bd3 e5 11. Nbd2 Bg4 12. d5 Ne7 13. Ne4 Nxe4 14. Rxg4 Nf6 15. Rh4 Qa5 16. Nd2 O-O-O 17. Qf3 Nd7 18. Qxf7 Nc5 19. Bf5+ Nxf5 20. Qxf5+ Kb8 21. Rxh7 Rhg8 22. Kf1 b3 23. Ke2 Qxa2 24. Rxa2 bxa2 25. b4 a1=Q 26. bxc5 dxc5 27. Qf7 Qb2 28. h4 Rgf8 29. Qe7 Rc8 30. h5 a5 31. h6 a4 32. Rg7 a3 33. Qd6+ Ka8 34. h7 a2 35. Rg8 Rxg8 36. hxg8=Q Rxg8 37. Qxc5 a1=Q 0-1

[Event "December 19 Early 2023"]
[Site "https://www.chess.com"]
[Date "2023.12.19"]
[Round "1"]
[White "Toman, Ondrej"]
[Black "Ratnesan, Ranesh"]
[Result "1-0"]
[Board "211"]
[TimeControl "180+1"]
[WhiteFideId "344516"]
[BlackFideId "439339"]
[WhiteElo "2157"]
[BlackElo "2160"]
[WhiteTeam "CZE"]
[BlackTeam "ENG"]
[WhiteClock "0:00:11"]
[BlackClock "0:00:00"]

1. d4 d5 2. Bf4 Nf6 3. Nf3 c5 4. e3 Nc6 5. Nbd2 Bg4 6. c3 e6 7. Bb5 Bd6 8. Qa4 O-O 9. Bxc6 bxc6 10. Bxd6 Qxd6 11. Qa3 Nd7 12. O-O Qe7 13. h3 Bh5 14. Rfe1 Rfe8 15. dxc5 Qxc5 16. Qa4 Reb8 17. Nb3 Qd6 18. g4 Bg6 19. Rad1 Qc7 20. Rd2 Nb6 21. Qa5 Qd6 22. Qc5 Qxc5 23. Nxc5 Nc4 24. Rde2 Rxb2 25. Rxb2 Nxb2 26. Ne5 Rb8 27. Nxc6 Rb6 28. Ne5 Nc4 29. Nxc4 dxc4 30. Rd1 h6 31. Rd8+ Kh7 32. Rd7 a5 33. Ra7 Rb5 34. Nb7 Rb1+ 35. Kh2 Be4 36. Nxa5 g5 37. f3 Bxf3 38. Nxc4 1-0

[Event "December 19 Early 2023"]
[Site "https://www.chess.com"]
[Date "2023.12.19"]
[Round "1"]
[White "Travadon, Loic"]
[Black "Nanu, Costica-Ciprian"]
[Result "0-1"]
[Board "212"]
[TimeControl "180+1"]
[WhiteFideId "26092131"]
[BlackFideId "1204580"]
[WhiteElo "2406"]
[BlackElo "2485"]
[WhiteTeam "FRA"]
[BlackTeam "ROU"]
[WhiteClock "0:00:11"]
[BlackClock "0:00:13"]

1. e4 c5 2. Nc3 Nc6 3. Nf3 d6 4. d4 cxd4 5. Nxd4 Nf6 6. Be2 g6 7. Be3 Bg7 8. h4 h5 9. f3 Bd7 10. Qd2 a6 11. Bc4 Rc8 12. Bb3 b5 13. O-O-O Na5 14. Rhe1 Nc4 15. Bxc4 Rxc4 16. Nb3 a5 17. Nd5 a4 18. Na5 Nxd5 19. Nxc4 Nxe3 20. Nxe3 a3 21. c3 b4 22. cxb4 axb2+ 23. Kb1 O-O 24. Nc4 Be6 25. Nxb2 Qa8 26. Nd3 Rb8 27. Rc1 Qa3 28. Rc2 d5 29. e5 Bf5 30. Re3 d4 31. Re4 Bxe4 32. fxe4 e6 33. Rb2 Qa4 34. Qc2 Qb5 35. a4 Qa6 36. b5 Qa5 37. Nb4 Ra8 38. Nc6 Qe1+ 39. Ka2 d3 40. Qxd3 Rxa4+ 41. Kb3 Rxe4 42. Qd8+ Kh7 43. b6 Qe3+ 44. Ka2 Ra4+ 45. Kb1 Qe4+ 46. Rc2 Rc4 47. Qd2 Qxc6 48. Rxc4 Qxc4 49. Qb2 Qf1+ 50. Ka2 Qa6+ 51. Kb1 Qb7 52. Qb5 Qe4+ 53. Kc1 Bxe5 54. b7 Bf4+ 55. Kb2 Qxg2+ 56. Kb3 Qf3+ 57. Ka4 Qe4+ 58. Ka5 Bc7+ 59. Ka6 Qd4 60. b8=Q Qa1+ 61. Kb7 Bxb8 62. Kxb8 Qf6 63. Kc8 Qxh4 64. Kd7 Qf4 65. Ke8 h4 66. Kf8 Qf6 67. Qc4 h3 68. Qg4 Qg7+ 69. Ke8 h2 70. Qg2 Qh6 71. Qh1 g5 72. Kxf7 Qg6+ 73. Ke7 Qg7+ 74. Kxe6 Qh6+ 75. Kf5 Qg6+ 76. Kg4 Qh6 77. Qb7+ Qg7 78. Qh1 Qd4+ 79. Kxg5 Qg1+ 80. Kh4 Qxh1 81. Kh5 Qg2 0-1

[Event "December 19 Early 2023"]
[Site "https://www.chess.com"]
[Date "2023.12.19"]
[Round "1"]
[White "Ismagilov, Damir"]
[Black "Vila Dupla, Aurelio"]
[Result "1-0"]
[Board "213"]
[TimeControl "180+1"]
[WhiteFideId "34199982"]
[BlackFideId "2203383"]
[WhiteElo "2131"]
[BlackElo "2009"]
[WhiteTeam "RUS"]
[BlackTeam "ESP"]
[WhiteClock "0:00:25"]
[BlackClock "0:00:00"]

1. d4 Nf6 2. c4 g6 3. Nc3 d5 4. cxd5 Nxd5 5. e4 Nxc3 6. bxc3 Bg7 7. Qa4+ Nd7 8. Nf3 O-O 9. Be2 Nb6 10. Qa3 Be6 11. O-O Bc4 12. Bxc4 Nxc4 13. Qb3 Na5 14. Qb5 c6 15. Qe2 b5 16. h4 h5 17. Bg5 a6 18. Rad1 Qc7 19. Nd2 c5 20. e5 f5 21. Nf3 e6 22. d5 exd5 23. Rxd5 Nc4 24. Rfd1 Ra7 25. e6 Re8 26. Rd8 Rxd8 27. Rxd8+ Kh7 28. e7 1-0

[Event "December 19 Early 2023"]
[Site "https://www.chess.com"]
[Date "2023.12.19"]
[Round "1"]
[White "Rose, Felix"]
[Black "Silva, Kaua Marques"]
[Result "1-0"]
[Board "214"]
[TimeControl "180+1"]
[WhiteFideId "5105722"]
[BlackFideId "22701168"]
[WhiteElo "2039"]
[BlackElo "2199"]
[WhiteTeam "MEX"]
[BlackTeam "BRA"]
[WhiteClock "0:00:26"]
[BlackClock "0:00:02"]

1. e4 e6 2. d4 d5 3. Nc3 Nf6 4. e5 Nfd7 5. f4 c5 6. Nf3 Nc6 7. Be3 cxd4 8. Nxd4 Qb6 9. Qd2 Nxd4 10. Bxd4 Qxb2 11. Rb1 Qa3 12. Bb5 a6 13. Bxd7+ Bxd7 14. Rxb7 Be7 15. O-O Bc8 16. Rb3 Qa5 17. f5 exf5 18. Qf2 O-O 19. Bb6 Qxb6 20. Qxb6 Be6 21. Rd1 Rfc8 22. Kh1 Bc5 23. Qb7 d4 24. Na4 Ba7 25. Nb6 Bxb6 26. Rxb6 g6 27. h3 Rd8 28. Rxe6 fxe6 29. Qe7 Re8 30. Qf6 Rad8 31. h4 Rd7 32. Rd3 Rf7 33. Qg5 Rd7 34. h5 Kg7 35. Qf6+ Kg8 36. h6 Rf7 37. Qg5 Rd7 38. c3 Red8 39. Rxd4 Rxd4 40. cxd4 Rxd4 41. Qf6 1-0

[Event "December 19 Early 2023"]
[Site "https://www.chess.com"]
[Date "2023.12.19"]
[Round "1"]
[White "Deng, Henry"]
[Black "Papp, Petra"]
[Result "1-0"]
[Board "215"]
[TimeControl "180+1"]
[WhiteFideId "30965454"]
[BlackFideId "739049"]
[WhiteElo "2564"]
[BlackElo "2270"]
[WhiteTeam "USA"]
[BlackTeam "HUN"]
[WhiteClock "0:01:43"]
[BlackClock "0:01:07"]

1. e4 c5 2. Nc3 e6 3. d4 cxd4 4. Qxd4 Nc6 5. Qe3 Nf6 6. Nf3 Bb4 7. Bd2 O-O 8. a3 Ba5 9. e5 Bb6 10. Qf4 Nd5 11. Nxd5 exd5 12. Bd3 Qe7 13. O-O g6 14. Qg3 Nd4 15. Bg5 Nxf3+ 16. gxf3 Qe6 17. f4 d6 18. Bf6 dxe5 19. fxe5 Qg4 20. Rad1 Be6 21. Kg2 Qxg3+ 22. hxg3 h5 23. f3 Rac8 24. g4 Kh7 25. gxh5 Bf5 26. hxg6+ fxg6 27. Rh1+ Kg8 28. Rh8+ Kf7 29. Rh7+ Ke8 30. Re7+ Kd8 31. Bxf5 gxf5 32. Rxd5# 1-0

[Event "December 19 Early 2023"]
[Site "https://www.chess.com"]
[Date "2023.12.19"]
[Round "1"]
[White "Putri, Regita Desyari"]
[Black "Koutlas, Nikolaos"]
[Result "0-1"]
[Board "216"]
[TimeControl "180+1"]
[WhiteFideId "7109083"]
[BlackFideId "25827138"]
[WhiteElo "1930"]
[BlackElo "2215"]
[WhiteTeam "INA"]
[BlackTeam "GRE"]
[WhiteClock "0:00:05"]
[BlackClock "0:00:27"]

1. e4 c5 2. Nf3 Nc6 3. Bb5 h6 4. O-O g5 5. c3 Bg7 6. h3 e5 7. Na3 Nge7 8. d3 a6 9. Bxc6 Nxc6 10. Nc4 d6 11. Ne3 O-O 12. Nd5 f5 13. exf5 Bxf5 14. a4 Kh8 15. Nh2 Ne7 16. Ne3 Be6 17. a5 d5 18. Qe2 Nc6 19. Neg4 Qd6 20. Re1 Rae8 21. Bd2 Bf5 22. Nf1 e4 23. dxe4 Bxe4 24. Qd1 Qg6 25. Ng3 Bc2 26. Qc1 d4 27. Nh2 dxc3 28. Bxc3 Nd4 29. Bxd4 Bxd4 30. Ng4 Rxe1+ 31. Qxe1 Bxb2 32. Ra2 Bd4 33. Ne3 Bd3 34. Rd2 Bc3 35. Qc1 Bxd2 36. Qxd2 c4 37. Qc3+ Qf6 38. Qb4 Qxf2+ 39. Kh2 Kg8 40. Nh5 Qxe3 41. Ng3 Qf4 42. Qxb7 h5 43. Qd5+ Rf7 44. Qe6 h4 45. Qe8+ Kg7 46. Qe5+ Qxe5 0-1

[Event "December 19 Early 2023"]
[Site "https://www.chess.com"]
[Date "2023.12.19"]
[Round "1"]
[White "Stepanencu, Nicodim-Cosmin"]
[Black "Guzman Lozano, Campo Elias"]
[Result "1-0"]
[Board "217"]
[TimeControl "180+1"]
[WhiteFideId "1256220"]
[BlackFideId "4403746"]
[WhiteElo "2154"]
[BlackElo "2099"]
[WhiteTeam "ROU"]
[BlackTeam "COL"]
[WhiteClock "0:01:07"]
[BlackClock "0:01:50"]

1. b3 e5 2. Bb2 Nc6 3. e3 Nf6 4. Nf3 Bd6 5. Na3 O-O 6. Nc4 Re8 7. Be2 b6 8. O-O a5 9. Nxd6 cxd6 10. d4 e4 11. Nd2 d5 12. c4 dxc4 13. bxc4 d5 14. Rc1 Nb4 15. a3 Nd3 16. Bxd3 exd3 17. Qb3 dxc4 18. Nxc4 Bf5 19. f3 b5 20. Ne5 Nd5 21. e4 Ne3 22. exf5 Rxe5 23. dxe5 Nxf1 24. Rxf1 Qb6+ 25. Kh1 Rd8 26. e6 fxe6 27. fxe6 Qe3 28. e7+ 1-0

[Event "December 19 Early 2023"]
[Site "https://www.chess.com"]
[Date "2023.12.19"]
[Round "1"]
[White "Kiseleva, Arina"]
[Black "Shaik Sumer Arsh"]
[Result "0-1"]
[Board "218"]
[TimeControl "180+1"]
[WhiteFideId "4164989"]
[BlackFideId "45020000"]
[WhiteElo "1740"]
[BlackElo "2358"]
[WhiteTeam "RUS"]
[BlackTeam "IND"]
[WhiteClock "0:00:03"]
[BlackClock "0:01:02"]

1. d4 Nf6 2. Nf3 d5 3. e3 e6 4. Bd3 b6 5. O-O Bb7 6. b3 Nbd7 7. Bb2 Bd6 8. Nbd2 O-O 9. Ne5 Qe7 10. Ndf3 Ba3 11. Bc3 a5 12. Nxd7 Nxd7 13. Ne5 Nxe5 14. dxe5 c5 15. f4 Rfd8 16. Qh5 g6 17. Qh6 d4 18. exd4 cxd4 19. Be1 Ba6 20. Bxa6 Rxa6 21. Bh4 Qf8 22. Qxf8+ Rxf8 23. Rad1 Rc8 24. Kh1 Bb2 25. Rf2 a4 26. Bf6 axb3 27. axb3 Ra1 28. Rxa1 Bxa1 29. g4 h6 30. f5 Rc3 31. fxg6 fxg6 32. Be7 d3 33. cxd3 Rxd3 34. Rf6 Bxe5 35. Rxe6 Rd1+ 36. Kg2 Rd2+ 37. Kf3 Bxh2 38. Rxb6 Kf7 39. Bc5 Be5 40. b4 h5 41. gxh5 gxh5 42. Rh6 Rh2 43. b5 h4 44. b6 Kg7 45. Re6 Bg3 46. b7 Kf7 47. Rb6 Rc2 48. Bd6 Rc3+ 49. Kg2 h3+ 50. Kf1 h2 51. Kg2 Rc2+ 52. Kxg3 h1=Q 53. b8=Q Qh2+ 54. Kg4 Rc4+ 55. Kf5 Qh7+ 56. Ke5 Qe4# 0-1

[Event "December 19 Early 2023"]
[Site "https://www.chess.com"]
[Date "2023.12.19"]
[Round "1"]
[White "Tifferet, Shakked"]
[Black "Demina, Marya"]
[Result "1-0"]
[Board "219"]
[TimeControl "180+1"]
[WhiteFideId "2811529"]
[BlackFideId "4195671"]
[WhiteElo "2142"]
[BlackElo "1978"]
[WhiteTeam "ISR"]
[BlackTeam "RUS"]
[WhiteClock "0:01:44"]
[BlackClock "0:00:00"]

1. d4 Nf6 2. c4 c5 3. e3 cxd4 4. exd4 d5 5. Nc3 e6 6. Nf3 Be7 7. Bd3 dxc4 8. Bxc4 O-O 9. O-O a6 10. a4 Nc6 11. Re1 Re8 12. Bg5 h6 13. Bh4 Bd7 14. Rc1 Rc8 15. Ba2 Nb4 16. Bb1 Bc6 17. Ne5 Qb6 18. Bxf6 Bxf6 19. Qh5 Rf8 20. Rcd1 Rcd8 21. Ng4 Bxd4 22. Nxh6+ gxh6 23. Qxh6 Bxf2+ 24. Kh1 f5 25. Qxe6+ Kg7 26. Qe7+ Rf7 27. Qg5+ Kf8 28. Rxd8+ Qxd8 29. Qxd8+ Kg7 30. Qg5+ Kf8 31. Rf1 1-0

[Event "December 19 Early 2023"]
[Site "https://www.chess.com"]
[Date "2023.12.19"]
[Round "1"]
[White "Polak, Kinga"]
[Black "Tulchynskyi, Feliks"]
[Result "0-1"]
[Board "220"]
[TimeControl "180+1"]
[WhiteFideId "1134680"]
[BlackFideId "34127895"]
[WhiteElo "2075"]
[BlackElo "2131"]
[WhiteTeam "POL"]
[BlackTeam "UKR"]
[WhiteClock "0:00:13"]
[BlackClock "0:00:04"]

1. e4 e6 2. d4 d5 3. Nd2 c5 4. Ngf3 Nf6 5. exd5 Nxd5 6. Bb5+ Bd7 7. Bxd7+ Nxd7 8. O-O Rc8 9. c3 Be7 10. Re1 O-O 11. Nf1 cxd4 12. Nxd4 N7b6 13. Ng3 g6 14. Qf3 Bf6 15. Bh6 Re8 16. Rad1 Na4 17. Bc1 Qb6 18. Ne4 Bg7 19. Nb3 Qc6 20. Ng5 Nf6 21. Qxc6 bxc6 22. Ne4 Nxe4 23. Rxe4 Nb6 24. a4 Red8 25. Ree1 Nxa4 26. Na5 Rd5 27. Nc4 Nb6 28. Ne3 Rdd8 29. f3 h5 30. Kf2 Bh6 31. g3 Bf8 32. f4 Bc5 33. Kf3 Kf8 34. h3 Ke7 35. g4 hxg4+ 36. hxg4 Rxd1 37. Rxd1 Nd5 38. Nc4 Rh8 39. Ne5 Rc8 40. c4 Nb6 41. b3 Rc7 42. Bb2 Nd7 43. Nxd7 Rxd7 44. Bf6+ Ke8 45. Rh1 Rd3+ 46. Ke2 Re3+ 47. Kd2 Rxb3 48. Rh8+ Kd7 49. Rd8+ Kc7 50. Rg8 Rg3 51. Be5+ Kb7 52. g5 Rg2+ 53. Kc3 Rg3+ 54. Kc2 Rg2+ 55. Kb3 Rd2 56. Rg7 Rd7 57. Kc2 a5 58. Kb3 Bb6 59. Rg8 Bc7 60. Bf6 Rd3+ 61. Kc2 Rf3 62. Rg7 Rxf4 63. Rxf7 Rxc4+ 64. Kb3 Rb4+ 65. Ka3 Kb6 66. Be7 Rf4 67. Bf6 Rf3+ 68. Kb2 a4 69. Bd4+ c5 70. Rxf3 cxd4 71. Ka3 Kb5 72. Rf6 Bd6+ 73. Ka2 d3 74. Rxe6 Bf4 75. Rxg6 d2 76. Rb6+ Kxb6 77. g6 Be5 78. g7 Bxg7 79. Ka3 Bf8+ 80. Kxa4 d1=Q# 0-1

[Event "December 19 Early 2023"]
[Site "https://www.chess.com"]
[Date "2023.12.19"]
[Round "1"]
[White "Szalay, Karoly"]
[Black "Petersson, Kjell"]
[Result "1-0"]
[Board "221"]
[TimeControl "180+1"]
[WhiteFideId "2600544"]
[BlackFideId "1705148"]
[WhiteElo "2559"]
[BlackElo "1994"]
[WhiteTeam "CAN"]
[BlackTeam "SWE"]
[WhiteClock "0:00:44"]
[BlackClock "0:00:55"]

1. e4 c5 2. Nf3 d6 3. d4 cxd4 4. Nxd4 Nf6 5. Nc3 g6 6. f3 e5 7. Nb3 Be7 8. Be3 Be6 9. Qd2 Nc6 10. O-O-O a6 11. Kb1 b5 12. g4 b4 13. Na4 Nd7 14. h4 f6 15. Bh3 g5 16. Bf1 Kf7 17. hxg5 fxg5 18. Rh6 Qg8 19. Rxe6 Kxe6 20. Bc4+ 1-0

[Event "December 19 Early 2023"]
[Site "https://www.chess.com"]
[Date "2023.12.19"]
[Round "1"]
[White "Piddubna, Bozhena"]
[Black "Shuvalov, Evgenij"]
[Result "0-1"]
[Board "222"]
[TimeControl "180+1"]
[WhiteFideId "34109293"]
[BlackFideId "4187237"]
[WhiteElo "1874"]
[BlackElo "2084"]
[WhiteTeam "UKR"]
[BlackTeam "FID"]
[WhiteClock "0:00:32"]
[BlackClock "0:01:08"]

1. d4 Nf6 2. Nf3 g6 3. c4 Bg7 4. g3 c6 5. Bg2 d5 6. O-O O-O 7. Qb3 a5 8. Nc3 a4 9. Nxa4 dxc4 10. Qd1 Nbd7 11. Bf4 Nd5 12. Bd2 b5 13. Nc3 Bb7 14. e4 N5b6 15. a3 e6 16. Be3 Na4 17. Qc2 Nxc3 18. bxc3 Ra4 19. Nd2 Qe7 20. Qb2 Rfa8 21. d5 Rxa3 22. dxc6 Bxc6 23. Nf3 Bxc3 24. Qxa3 Rxa3 25. Rxa3 Qxa3 0-1

[Event "December 19 Early 2023"]
[Site "https://www.chess.com"]
[Date "2023.12.19"]
[Round "1"]
[White "Guz, Ari"]
[Black "Pak, Yevgeniy"]
[Result "0-1"]
[Board "223"]
[TimeControl "180+1"]
[WhiteFideId "2825759"]
[BlackFideId "14201712"]
[WhiteElo "2205"]
[BlackElo "2320"]
[WhiteTeam "ISR"]
[BlackTeam "KAZ"]
[WhiteClock "0:00:35"]
[BlackClock "0:01:18"]

1. a3 e6 2. b4 a5 3. b5 Nf6 4. Bb2 b6 5. Nf3 Bb7 6. c4 c6 7. a4 cxb5 8. cxb5 d5 9. d4 Nbd7 10. e3 Rc8 11. Bd3 Bb4+ 12. Nbd2 Ne4 13. O-O Nc3 14. Qb3 Nf6 15. Ne5 O-O 16. f3 Nxa4 17. Rxa4 Bxd2 18. Ba3 Bxe3+ 19. Kh1 Re8 20. Bxh7+ Nxh7 21. Qxe3 Qg5 22. Qd3 Qf5 23. Qxf5 exf5 24. Bc1 f6 25. Nd3 Nf8 26. Kg1 Ne6 27. Be3 Rc3 28. Rd1 Rec8 29. Kf2 R8c4 30. Rxc4 Rxc4 31. Nf4 Kf7 32. Nxe6 Kxe6 33. Rc1 Bc8 34. Rxc4 dxc4 35. d5+ Kxd5 36. Bxb6 a4 37. Ba5 Kc5 38. Ke3 Kxb5 39. Bc3 a3 40. Kd2 Ka4 41. Kc2 f4 42. Ba1 Bf5+ 43. Kc3 Kb5 44. g3 fxg3 45. hxg3 Bd3 46. Kd4 Kb4 0-1

[Event "December 19 Early 2023"]
[Site "https://www.chess.com"]
[Date "2023.12.19"]
[Round "1"]
[White "Khouri, Ahmed Abbas"]
[Black "Mika, Tomasz"]
[Result "1-0"]
[Board "224"]
[TimeControl "180+1"]
[WhiteFideId "9301518"]
[BlackFideId "1132970"]
[WhiteElo "1863"]
[BlackElo "2186"]
[WhiteTeam "UAE"]
[BlackTeam "POL"]
[WhiteClock "0:00:06"]
[BlackClock "0:00:00"]

1. e4 c6 2. c4 d5 3. exd5 cxd5 4. cxd5 Nf6 5. Nc3 Nxd5 6. Nf3 e6 7. Bc4 Be7 8. O-O O-O 9. Re1 Nf6 10. d4 b6 11. Bg5 Bb7 12. Bb3 Nc6 13. a3 Qd7 14. Qd3 Rfd8 15. Rad1 Nd5 16. Bc2 g6 17. Ne4 Rac8 18. Bb1 f6 19. Bh4 Na5 20. Ba2 Kg7 21. Bg3 b5 22. Nc5 Bxc5 23. dxc5 Rxc5 24. Nd4 e5 25. Nf3 Nc4 26. Re2 Rc6 27. h4 Rd6 28. Ree1 Nf4 29. Qc2 Bxf3 30. Rxd6 Qxd6 31. gxf3 Qd5 32. Bxf4 exf4 33. Qe4 Qxe4 34. Rxe4 Nd2 35. Rxf4 Rd7 36. Kg2 Re7 37. a4 Re2 38. axb5 Re1 39. Ra4 1-0